 Dungeon Crawl Stone Soup version 0.27-b1-41-gafb5482f4b (webtiles) character file.

Game seed: 18319840884331725498

127 pikapanic the Cutter (level 4, -4/58 HPs)
             Began as a Palentonga Berserker on July 28, 2021.
             Was a Believer of Trog.
             Splashed by a jelly's acid (8 damage)
             ... on level 3 of the Dungeon.
             The game lasted 00:10:53 (2039 turns).

pikapanic the Cutter (Palentonga Berserker)         Turns: 2039, Time: 00:10:53

Health: -4/58      AC: -4    Str: 21    XL:     4   Next: 85%
Magic:  4/4        EV:  8    Int:  7    God:    Trog [**....]
Gold:   126        SH:  0    Dex: 10    Spells: 3/3 levels left

rFire    . . .     SeeInvis +   a - +1 short sword
rCold    . . .     Faith    .   (no shield)
rNeg     . . .     Spirit   .   e - +0 scale mail
rPois    .         Reflect  .   (no helmet)
rElec    .         Harm     .   (no cloak)
rCorr    .         Rampage  .   m - +0 pair of gloves
Will     .....                  (no barding)
Stlth    ..........             (no amulet)
HPRegen  0.19/turn              (no ring)
MPRegen  0.09/turn              (no ring)

@: berserking, corroded, very quick
A: large, rugged brown scales 3, see invisible, deformed body, roll 1, armoured
tail
a: Rolling Charge, Renounce Religion, Berserk, Trog's Hand


You were on level 3 of the Dungeon.
You worshipped Trog.
Trog was pleased with you.
You visited 1 branch of the dungeon, and saw 3 of its levels.

You collected 126 gold pieces.

Inventory:

Hand Weapons
 a - a +1 short sword (weapon)
Armour
 b - a +0 animal skin
 c - a +0 ring mail
 e - a +0 scale mail (worn)
 f - a +0 pair of boots of rampaging
 g - a +1 robe of the Archmagi
 i - a +0 leather armour
 j - a +0 robe
 m - a +0 pair of gloves (worn)
Jewellery
 h - a ring of fire
Scrolls
 k - a scroll of enchant armour {unknown}
 n - a scroll of vulnerability
 o - 2 scrolls of fog
Potions
 d - a potion of cancellation {unknown}


   Skills:
 + Level 3.8 Fighting
 + Level 4.6 Short Blades
 - Level 1.9 Armour
 - Level 1.7 Dodging
 + Level 0.5 Stealth


You had 3 spell levels left.
You didn't know any spells.
Your spell library contained the following spells:

 Spells                   Type           Power      Damage    Failure   Level
 Animate Skeleton         Necr           0%         N/A       78%         1
 Apportation              Tloc           0%         N/A       78%         1
 Corona                   Hex            0%         N/A       78%         1
 Summon Small Mammal      Summ           0%         N/A       78%         1


Dungeon Overview and Level Annotations

Branches:
Dungeon (3/15)

Altars:


Innate Abilities, Weirdness & Mutations

You are completely covered in rugged brown scales. (AC +3, +7% HP)
You have supernaturally acute eyesight. (SInv)
Armour fits poorly on your strangely shaped body.
You can roll at nearby foes to attack.
You have a long armoured tail.


Message History

The jackal completely misses you.
A jelly comes into view.
The jelly quivers.
The jackal bites you but does no damage.
Found a stone staircase leading down.
You hit the jackal but do no damage.
The jackal is heavily wounded.
The jackal closely misses you. The jackal bites you.
The jackal bites you but does no damage.
You hit the jackal.
You kill the jackal!
Trog accepts your kill.
The jackal bites you but does no damage.
The jelly hits you. The acid corrodes you!
You are splashed with acid.
The jackal barely misses you.
You hit the jackal. You tail-slap the jackal.
You kill the jackal!
Trog accepts your kill. The jelly hits you.
You are splashed with acid.
You hit the jelly but do no damage.
Your hands burn!
A red film seems to cover your vision as you go berserk!
You feel yourself moving faster!
You feel mighty! The jelly hits you but does no damage.
You puncture the jelly!
Your hands burn!
The jelly is severely wounded.
The jelly barely misses you.
You hit the jelly. The acid corrodes you!
Your hands burn!
* * * LOW HITPOINT WARNING * * *
The jelly is almost dead.
The jelly hits you.
* * * LOW HITPOINT WARNING * * *
The acid corrodes you!
You are splashed with acid!
* * * LOW HITPOINT WARNING * * *
A giant cockroach comes into view.
Found a scroll of vulnerability.
You feel a strong urge to attack something.
The jelly hits you.
* * * LOW HITPOINT WARNING * * *
You are splashed with acid!
You die...

#........##
#.#.........#
#..#.#......# +
#######.#.#......#
..#.....#...#......#
.........#..#.######
..................#
..#...............######
..B.....@J†.....†......#
............##....####.#
............>#....+
......#....#.#....# ##
......#..#.#.#.#.... #<
......#..#.#+#+#.#### #.
?.... #..#.. ..# #.
..... ####... ..# #. #.


You could see a jelly and a giant cockroach.

Vanquished Creatures
  An iguana (D:3)
  5 adders (D:2)
  A worm (D:2)
  A dart slug (D:3)
  An orc (D:3)
  3 endoplasms (D:2)
  4 giant cockroaches
  5 goblins
  2 hobgoblins
  10 jackals
  2 ball pythons
  7 bats
  A frilled lizard (D:3)
  3 kobolds
  5 rats
51 creatures vanquished.

Notes
Turn   | Place    | Note
-------+----------+-------------------------------------------
     0 | D:1      | pikapanic the Palentonga Berserker began the quest for the
                  | Orb.
     0 | D:1      | Reached XP level 1. HP: 19/19 MP: 1/1
   353 | D:1      | Reached XP level 2. HP: 24/25 MP: 2/2
   888 | D:2      | Reached XP level 3. HP: 25/31 MP: 3/3
  1029 | D:2      | Found Roschun's Weapon Shoppe.
  1309 | D:2      | Reached skill level 4 in Short Blades
  1309 | D:2      | Reached XP level 4. HP: 32/38 MP: 4/4
  1836 | D:3      | Reached ** piety under Trog
  2039 | D:3      | Splashed by a jelly's acid

Illustrated notes

Levels and vault maps discovered:
D:1:      dpeg_arrival_orchard, layout_loops_ring, skrybe_limestone_x,
          serial_bayou_lagoon_b
D:2:      layout_loops_cross, serial_shops, shop, minmay_split_cup_large
D:3:      layout_basic

Skill      XL: |  1  2  3 |
---------------+----------+-----
Short Blades   | 4 |  4.6
Fighting       | |  3.8
Armour         | |  1.9
Dodging        | |  1.7
Stealth        | |  0.5

Action                   |  1- 3 |  4- 6 || total
-------------------------+-------+-------++-------
Melee: Short sword       |    91 |    77 ||   168
       Tailslap          |     9 |    10 ||    19
Invok: Berserk           |     1 |     1 ||     2
 Abil: Rolling Charge    |    16 |    16 ||    32
  Use: Scroll            |       |     5 ||     5
Armor: Ring mail         |     6 |       ||     6
       Scale mail        |    33 |    37 ||    70
Dodge: Dodged            |    45 |    27 ||    72
